 Dungeon Crawl Stone Soup version 0.22-a0-179-gb5258fd (webtiles) character file.

182 wolfsongas the Digger (level 5, -1/41 HPs)
             Began as a Gnoll Wanderer on Feb 13, 2018.
             Killed by divine providence
             ... invoked by an orc priest
              (11 damage)
             ... on level 3 of the Dungeon.
             The game lasted 00:03:24 (2694 turns).

wolfsongas the Digger (Gnoll Wanderer)              Turns: 2694, Time: 00:03:24

Health: -1/41      AC:  3    Str: 14    XL:     5   Next: 61%
Magic:  12/12      EV: 12    Int: 16    God:
Gold:   144        SH:  0    Dex: 18    Spells: 14/14 levels left

rFire    . . .     SeeInvis .   e - +1 dagger
rCold    . . .     Gourm    .   (no shield)
rNeg     . . .     Faith    .   k - +0 leather armour
rPois    .         Spirit   .   (no helmet)
rElec    .         Reflect  .   (no cloak)
rCorr    .         Harm     .   (no gloves)
MR       .....                  (no boots)
Stlth    +++.......             (no amulet)
HPRegen  0.13/turn              j - +4 ring of intelligence
MPRegen  0.13/turn              (no ring)

@: no status effects
A: distributed training, fangs 1, strong nose
a: no special abilities


You were on level 3 of the Dungeon.
You were not hungry.

You visited 1 branch of the dungeon, and saw 3 of its levels.

You collected 144 gold pieces.

Inventory:

Hand Weapons
 c - a +0 short sword
 e - a +1 dagger (weapon)
Armour
 k - a +0 leather armour (worn)
Jewellery
 j - a +4 ring of intelligence (left hand)
Scrolls
 d - a scroll of magic mapping
 h - a scroll of teleportation
 i - a scroll of remove curse
Potions
 b - a potion of curing
 g - a potion of lignification
 m - a potion of flight
Books
 a - a book of Minor Magic

   Spells                             Type                      Level
   a - Magic Dart                     Conjuration                  1
   b - Blink                          Translocation                2
   c - Call Imp                       Summoning                    2
   d - Slow                           Hexes                        2
   e - Conjure Flame                  Conjuration/Fire             3
   f - Mephitic Cloud                 Conjuration/Poison/Air       3
Comestibles
 f - 5 rations


   Skills:
 + Level 3.0 Fighting
 + Level 3.0 Short Blades
 + Level 1.5 Long Blades
 + Level 1.5 Axes
 + Level 1.5 Maces & Flails
 + Level 1.5 Polearms
 + Level 1.5 Staves
 + Level 1.5 Slings
 + Level 1.5 Bows
 + Level 1.5 Crossbows
 + Level 1.5 Throwing
 + Level 1.5 Armour
 + Level 1.5 Dodging
 + Level 4.4 Stealth
 + Level 1.5 Shields
 + Level 1.5 Unarmed Combat
 + Level 5.2 Spellcasting
 + Level 1.2 Conjurations
 + Level 1.2 Hexes
 + Level 1.2 Charms
 + Level 1.2 Summonings
 + Level 1.2 Necromancy
 + Level 1.2 Translocations
 + Level 1.2 Transmutations
 + Level 1.2 Fire Magic
 + Level 1.2 Ice Magic
 + Level 1.2 Air Magic
 + Level 5.5 Earth Magic
 + Level 1.2 Poison Magic
 + Level 1.7 Invocations
 + Level 3.0 Evocations


You had 14 spell levels left.
You didn't know any spells.

Dungeon Overview and Level Annotations

Branches:
Dungeon (3/15)

Altars:
Elyvilon
Sif Muna
Trog


Innate Abilities, Weirdness & Mutations

Your experience applies equally to all skills.
You have very sharp teeth.
Your uncanny sense of smell can sniff out nearby items.


Message History

The orc misses you. The orc closely misses you. The orc priest misses you.
The orc closely misses you. The orc hits you but does no damage.
You closely miss the orc priest.
The orc priest is moderately wounded.
The orc misses you. x2
The orc priest calls upon Beogh to heal the orc.
The orc's wounds heal themselves!
The orc hits you but does no damage. The orc hits you with a dagger.
* * * LOW HITPOINT WARNING * * *
You closely miss the orc priest.
The orc priest is moderately wounded.
The orc barely misses you. The orc hits you with a club.
* * * LOW HITPOINT WARNING * * *
The orc priest calls down the wrath of Beogh upon you.
You barely resist. You hit the orc priest. You bite the orc priest.
The orc priest is severely wounded.
The orc priest mumbles some strange prayers to Beogh against you.
Beogh smites you!
You die...

........# .......#
#....# #....##
.#######.....#
.......<.....#####
############.....#
##.oo.# #o@..#


#oooo# #...o... #......_.. #.###..... #.. ._..⌠ ##. .... ._.. You could see 2
orc priests and 6 orcs.

Vanquished Creatures
  2 bullfrog skeletons (D:2)
  Jessica (D:2)
  An iguana (D:2)
  3 adders (D:2)
  2 oozes (D:1)
  An orc (D:3)
  6 bats
  2 giant cockroaches
  6 goblins
  A hobgoblin (D:1)
  A ball python (D:1)
  3 frilled lizards
  2 kobolds
  7 rats
38 creatures vanquished.

Notes
Turn   | Place    | Note
-------+----------+-------------------------------------------
     0 | D:1      | wolfsongas the Gnoll Wanderer began the quest for the Orb.
     0 | D:1      | wolfsongas set off with: a book of Minor Magic, a potion of curing, a +0 short sword, a +0 robe, a +0 dagger, a ration
     0 | D:1      | Reached XP level 1. HP: 17/17 MP: 6/6
   167 | D:1      | Reached XP level 2. HP: 12/23 MP: 7/7
   944 | D:1      | Reached skill level 5 in Spellcasting
   944 | D:1      | Reached XP level 3. HP: 28/28 MP: 7/9
  1202 | D:2      | Reached skill level 1 in Long Blades
  1202 | D:2      | Reached skill level 1 in Axes
  1202 | D:2      | Reached skill level 1 in Maces & Flails
  1202 | D:2      | Reached skill level 1 in Polearms
  1202 | D:2      | Reached skill level 1 in Staves
  1202 | D:2      | Reached skill level 1 in Slings
  1202 | D:2      | Reached skill level 1 in Bows
  1202 | D:2      | Reached skill level 1 in Crossbows
  1202 | D:2      | Reached skill level 1 in Throwing
  1202 | D:2      | Reached skill level 1 in Armour
  1202 | D:2      | Reached skill level 1 in Dodging
  1202 | D:2      | Reached skill level 1 in Shields
  1202 | D:2      | Reached skill level 1 in Unarmed Combat
  1202 | D:2      | Reached skill level 1 in Invocations
  1202 | D:2      | Reached XP level 4. HP: 17/34 MP: 11/11
  1243 | D:2      | HP: 1/34 [poisoned by an adder]
  2279 | D:2      | Reached skill level 1 in Conjurations
  2279 | D:2      | Reached skill level 1 in Hexes
  2279 | D:2      | Reached skill level 1 in Charms
  2279 | D:2      | Reached skill level 1 in Summonings
  2279 | D:2      | Reached skill level 1 in Necromancy
  2279 | D:2      | Reached skill level 1 in Translocations
  2279 | D:2      | Reached skill level 1 in Transmutations
  2279 | D:2      | Reached skill level 1 in Fire Magic
  2279 | D:2      | Reached skill level 1 in Ice Magic
  2279 | D:2      | Reached skill level 1 in Air Magic
  2279 | D:2      | Reached skill level 1 in Poison Magic
  2306 | D:2      | Reached XP level 5. HP: 34/40 MP: 12/12
  2419 | D:2      | Noticed Jessica
  2423 | D:2      | Killed Jessica
  2672 | D:3      | Found a bloodstained altar of Trog.
  2672 | D:3      | Found a white marble altar of Elyvilon.
  2674 | D:3      | Found a deep blue altar of Sif Muna.
  2694 | D:3      | Killed from afar by an orc priest

Vault maps used:
D:1:      matt_arrival_refuge
D:2:      uniq_jessica
D:3:      grunt_temple_overflow_open, fedhas_altar_2

Skill      XL: |  1  2  3  4  5 |
---------------+----------------+-----
Spellcasting   | 5 |  5.2
Long Blades    | 1 |  1.5
Axes           | 1 |  1.5
Maces & Flails | 1 |  1.5
Polearms       | 1 |  1.5
Staves         | 1 |  1.5
Slings         | 1 |  1.5
Bows           | 1 |  1.5
Crossbows      | 1 |  1.5
Throwing       | 1 |  1.5
Armour         | 1 |  1.5
Dodging        | 1 |  1.5
Shields        | 1 |  1.5
Unarmed Combat | 1 |  1.5
Invocations    | 1 |  1.7
Conjurations   | 1 |  1.2
Hexes          | 1 |  1.2
Charms         | 1 |  1.2
Summonings     | 1 |  1.2
Necromancy     | 1 |  1.2
Translocations | 1 |  1.2
Transmutations | 1 |  1.2
Fire Magic     | 1 |  1.2
Ice Magic      | 1 |  1.2
Air Magic      | 1 |  1.2
Poison Magic   | 1 |  1.2
Fighting       | 3 |  3.0
Short Blades   | 3 |  3.0
Evocations     | 3 |  3.0
Stealth        | |  4.4
Earth Magic    | |  5.5

Action                   |  1- 3 |  4- 6 || total
-------------------------+-------+-------++-------
Melee: Dagger            |    94 |    76 ||   170
       Bite              |    13 |     6 ||    19
  Use: Scroll            |     8 |     2 ||    10
 Stab: Sleeping          |    10 |     6 ||    16
  Eat: Chunk             |     1 |       ||     1
       Ration            |       |     2 ||     2
Armor: Robe              |    14 |       ||    14
       Leather armour    |     2 |    17 ||    19
Dodge: Dodged            |    45 |    41 ||    86

Table legend:
 A = Spawn XP
 B = Non-spawn XP
 C = Spawn XP percentage of total XP
 D = Spawn monster count
 E = Non-spawn monster count
 F = Spawn count percentage of total count
 G = Total turns spent on level
                    A         B        C        D         E        F      G
               +---------+---------+-------+---------+---------+-------+---------
         Total |       0 |     260 |   0.0 |       0 |      38 |   0.0 |  2694
               +---------+---------+-------+---------+---------+-------+---------
           D:1 |       0 |      43 |   0.0 |       0 |      21 |   0.0 |  1154
           D:2 |       0 |     209 |   0.0 |       0 |      13 |   0.0 |  1510
           D:3 |       0 |       8 |   0.0 |       0 |       4 |   0.0 |    30
               +---------+---------+-------+---------+---------+-------+---------
